 Dungeon Crawl Stone Soup version 0.31-a0-672-g7da72447bb (webtiles) character file.

Game seed: 11802140138800741398

499 gruber the Conjurer (level 7, -4/41 HPs)
             Began as an Octopode Conjurer on Sept 4, 2023.
             Slain by an orc warrior
             ... wielding a +0 long sword
              (9 damage)
             ... on level 5 of the Dungeon.
             The game lasted 00:03:30 (4492 turns).

gruber the Conjurer (Octopode Conjurer)             Turns: 4492, Time: 00:03:30

Health: -4/41      AC:  1    Str: 12    XL:     7   Next: 16%
Magic:  5/13       EV: 13    Int: 23    God:
Gold:   169        SH:  0    Dex: 16    Spells: 7/14 levels left

rFire   + . .        l - +5 spear (venom)
rCold   . . .        (no shield)
rNeg    . . .        (helmet restricted)
rPois   .            i - amulet of regeneration
rElec   .            f - ring of protection from fire
rCorr   .            k - ring of willpower
SInv    .            s - +6 ring of dexterity
Will    +....        t - +6 ring of strength
Stlth   +++          (no ring)
HPRegen 1.06/turn    (no ring)
MPRegen 0.13/turn    (no ring)
                     (no ring)

%: no passive effects
@: very slightly contaminated
A: almost no armour, amphibious, 8 rings, camouflage 1, gelatinous body 1,
(nimble swimmer 1), tentacles
a: no special abilities


You were on level 5 of the Dungeon.
You visited 1 branch of the dungeon, and saw 5 of its levels.

You collected 169 gold pieces.

Inventory:

Hand Weapons
 l - a +5 spear of venom (weapon)
Missiles
 r - 2 throwing nets
Jewellery
 f - a ring of protection from fire (left tentacle)
 i - an amulet of regeneration (around mantle)
 k - a ring of willpower (right tentacle)
 s - a +6 ring of dexterity (on tentacle)
 t - a +6 ring of strength (on tentacle)
 u - a ring of resist corrosion
Scrolls
 b - 6 scrolls of identify {unknown}
 c - 2 scrolls of immolation {unknown}
 e - 3 scrolls of fear {unknown}
 g - 2 scrolls of enchant weapon {unknown}
 h - a scroll of amnesia {unknown}
 j - a scroll of teleportation {unknown}
 n - 2 scrolls of vulnerability {unknown}
 p - a scroll of blinking {unknown}
Potions
 d - 2 potions of curing
 m - a potion of haste {unknown}
 o - 2 potions of brilliance {unknown}
 q - a potion of resistance {unknown}
 v - a potion of mutation {unknown}
 w - a potion of heal wounds {unknown}


   Skills:
 - Level 2.0 Dodging
 - Level 2.6 Stealth
 + Level 4.4 Spellcasting
 + Level 7.1 Conjurations


You had 7 spell levels left.
You knew the following spells:

 Your Spells              Type           Power      Damage    Failure   Level
a - Magic Dart            Conj           100%       1d8       1%          1
b - Searing Ray           Conj           74%        2d7       1%          2
c - Iskenderun's Mystic   Conj/Tloc      21%        2d6       22%         4

Your spell library contained the following spells:

 Spells                   Type           Power      Damage    Failure   Level
 Dazzling Flash           Conj/Hex       42%        N/A       7%          3
 Fulminant Prism          Conj/Hex       10%        3d8       22%         4
 Inner Flame              Hex/Fire       5%         N/A       30%         3
 Yara's Violent Unravell  Hex/Tmut       2%         3d3       95%         5
 Enfeeble                 Hex            2%         N/A       100%        7


Dungeon Overview and Level Annotations

Branches:
Dungeon (5/15)
 Temple: D:4-7

Altars:
Fedhas
Uskayaw
Wu Jian
Yredelemnul
Zin


Innate Abilities, Weirdness & Mutations

You cannot wear most types of armour.
You are amphibious.
You can wear up to eight rings at the same time.
Your skin changes colour to match your surroundings (Stealth+).
Your rubbery body absorbs attacks. (AC +1, EV +1)
((You are camouflaged when in or above water. (Stealth+)))
You have tentacles for arms and can constrict up to eight enemies at once.


Message History

You don't have enough magic to cast this spell.
It was a potion of curing.
You feel better. The orc warrior misses you.
You feel better.
The orc warrior hits you with a +0 long sword!
Magic courses through your body.
The orc warrior hits you with a +0 long sword!
* * * LOW HITPOINT WARNING * * *
Casting: Iskenderun's Mystic Blast (quite dangerous; 22% risk of failure)
Confirm with . or Enter, or press ? or * to list all spells.
You erupt in a blast of force!
The mystic blast hits the phantom.
The phantom is heavily damaged.
The phantom is knocked back by the mystic blast.
The mystic blast hits the orc warrior.
The orc warrior is heavily wounded.
The orc warrior is knocked back by the mystic blast.
Unknown command.
Unknown command.
Casting: Iskenderun's Mystic Blast (quite dangerous; 22% risk of failure)
Confirm with . or Enter, or press ? or * to list all spells.
Aiming: Searing Ray (safe; 1% risk of failure)
Press: ? - help, Shift-Dir - straight line, f/p - orc warrior
Aim: an orc warrior, wielding a +0 long sword and wearing a +0 plate armour (heavily wounded, 81% to hit)
The searing ray hits the orc warrior!
The orc warrior is severely wounded.
The searing ray misses the phantom. (Press . to maintain the ray.) Unknown command.
The searing ray hits the orc warrior.
The orc warrior is almost dead.
The searing ray hits the phantom.
The phantom is severely damaged.
The searing ray hits the orc warrior but does no damage.
The orc warrior is almost dead.
The searing ray misses the phantom.
The orc warrior hits you with a +0 long sword.
* * * LOW HITPOINT WARNING * * *
The searing ray misses the orc warrior.
The searing ray misses the phantom.
You finish channelling your searing ray.
The orc warrior hits you with a +0 long sword!
You die...

...............+.....[.......
.##............#.............
. #............#.............
#..####.##..#######..###..#
#### #+##+###.####..##
.........#.....#
.........#.....#
.........'.....#
.......@.#.....#
###..##o####.### # #W# ###
.). .... ...... .......
........#


You could see an orc warrior and a phantom.

Vanquished Creatures
  A phantom (D:4)
  A bullfrog (D:4)
  A scorpion (D:4)
  An iguana (D:4)
  A hound skeleton (D:3)
  7 gnolls
  8 adders
  An ufetubus (D:3)
  An adder zombie (D:3)
  An adder skeleton (D:3)
  3 worms
  2 dart slugs (D:1)
  11 orcs
  5 bats
  10 endoplasms
  2 giant cockroaches
  5 goblins
  9 hobgoblins
  2 jackals (D:3)
  6 kobolds
  A quokka (D:4)
  9 ball pythons
  A ball python zombie (D:3)
  4 frilled lizards
  A giant cockroach zombie (D:3)
  A jackal skeleton (D:3)
  4 rats
99 creatures vanquished.

Notes
Turn   | Place    | Note
-------+----------+-------------------------------------------
     0 | D:1      | gruber the Octopode Conjurer began the quest for the Orb.
     0 | D:1      | Reached XP level 1. HP: 11/11 MP: 3/3
   270 | D:1      | Reached XP level 2. HP: 17/17 MP: 1/5
   896 | D:1      | Reached XP level 3. HP: 21/21 MP: 3/6
   899 | D:1      | Learned a level 2 spell: Searing Ray
  1148 | D:2      | Reached skill level 5 in Conjurations
  1607 | D:2      | Reached XP level 4. HP: 27/27 MP: 4/7
  2211 | D:3      | Found a basalt altar of Yredelemnul.
  2242 | D:3      | Reached XP level 5. HP: 31/31 MP: 6/9
  2432 | D:3      | Found a blossoming altar of Fedhas.
  2502 | D:3      | Found a hide-covered altar of Uskayaw.
  2613 | D:3      | Reached skill level 6 in Conjurations
  2799 | D:3      | Identified the +0 buckler of Gadaec {-Tele rElec Regen+
                  | Dex-3}
  2987 | D:3      | Found a glowing silver altar of Zin.
  3355 | D:4      | Learned a level 4 spell: Iskenderun's Mystic Blast
  3596 | D:4      | Reached XP level 6. HP: 36/36 MP: 6/11
  3826 | D:4      | Noticed a sky beast
  4187 | D:4      | Reached skill level 7 in Conjurations
  4187 | D:4      | Reached XP level 7. HP: 41/41 MP: 5/13
  4439 | D:5      | Entered Level 5 of the Dungeon
  4439 | D:5      | Found an ornate altar of the Wu Jian Council.
  4483 | D:5      | HP: 2/41 [orc warrior/+0 long sword (9)]
  4492 | D:5      | Slain by an orc warrior

Illustrated notes

Levels and vault maps discovered:
D:1:      psy_arrival_basics, layout_basic, minivault_23
D:2:      layout_basic, minmay_octomino_j4
D:3:      layout_loops_ring, zin_treasury, nicolae_uskayaw_dance_hall,
          lemuel_coloured_pillars_altar, fedhas_altar_1, serial_undead,
          serial_undead_a, serial_undead_c, serial_undead_e, serial_undead_f,
          serial_undead_f, serial_undead_c, minmay_fractal_squares_5
D:4:      layout_basic, minmay_misc_feat_secret_circle
D:5:      layout_gridville, mainiacjoe_overflow_concentric_impassable,
          fiery_altar_vehumet, tgw_sif, minmay_door_square, hex_large,
          uniq_prince_ribbit1

Skill      XL: |  1  2  3  4  5  6 |
---------------+-------------------+-----
Conjurations   | 5 6 7 |  7.1
Spellcasting   | 3 4 |  4.4
Dodging        | |  2.0
Stealth        | |  2.6

Action                     |  1- 3 |  4- 6 |  7- 9 || total
---------------------------+-------+-------+-------++-------
  Melee: Unarmed           |     7 |       |       ||     7
         Tentacles         |     3 |     7 |       ||    10
         Constrict         |     2 |     7 |       ||     9
         Spear             |       |    33 |       ||    33
         Punch             |       |     2 |       ||     2
   Cast: Magic Dart        |    57 |    96 |     4 ||   157
         Searing Ray       |       |     8 |     3 ||    11
         Iskenderun's Myst |       |       |     1 ||     1
    Use: Potion            |       |       |     3 ||     3
   Stab: Sleeping          |       |     2 |       ||     2
 Armour: Skin              |     4 |    17 |     8 ||    29
  Dodge: Dodged            |     7 |    19 |     3 ||    29

Table legend: (Time is in decaauts)
 A = Elapsed time spent in this place.
 B = Non-inter-level travel time spent in this place.
 C = Inter-level travel time spent in this place.
 D = Time resting spent in this place.
 E = Time spent auto-exploring this place.
 F = Levels seen in this place.
 G = Mean time per level.
                   A        B        C        D        E       F      G
               +--------+--------+--------+--------+--------+-----+--------+
         Total |   4492 |   4421 |     71 |      0 |   3947 |   5 |  898.4 |
       Dungeon |   4492 |   4421 |     71 |      0 |   3947 |   5 |  898.4 |
               +--------+--------+--------+--------+--------+-----+--------+

Top non-repeatable levels by time:
     D:3: 1180 daAuts
     D:1: 1109 daAuts
     D:4: 1102 daAuts
     D:2: 1047 daAuts
     D:5: 52 daAuts
